3AAA
MILTON BILLS @ GRYFINDOR BRAVES
05/22/2017
 
TOP OF THE 1ST
Milton Bills batting - Pitching for Gryfindor Braves : RHP Max Moore
Pitching: RHP Max Moore
Batting: LHB Lance Schiffer 0-0: Ball
1-0: Foul Ball, location: 2F
1-1: Ball
2-1: Called Strike
2-2: Fly out, F3 (Line Drive, 3)
Batting: RHB Shane Franklin 0-0: SINGLE (Groundball, 4M)
Batting: RHB Chandler Bailey 0-0: Ball
1-0: Ball
2-0: Foul Ball, location: 2F
2-1: Foul Ball, location: 2F
2-2: Strikes out swinging
Batting: SHB John Allen 0-0: Called Strike
0-1: Swinging Strike
0-2: Strikes out swinging
Top of the 1st over - 0 run(s), 1 hit(s), 0 error(s), 1 left on base; Milton 0 - Gryfindor 0
BOTTOM OF THE 1ST
Gryfindor Braves batting - Pitching for Milton Bills : RHP Jesús Román
Pitching: RHP Jesús Román
Batting: RHB Jim Unknown 0-0: Ball
1-0: Ball
2-0: Called Strike
2-1: Ball
3-1: Foul Ball, location: 2F
3-2: Base on Balls
Batting: RHB Jim Unknown 0-0: Ball
1-0: Ball
2-0: Called Strike
2-1: SINGLE (Groundball, 56D)
Jim Unknown to second
Batting: RHB Manuel González 0-0: Foul Ball, location: 2F
0-1: Foul Ball, location: 2F
0-2: Ground out 5-3 (Groundball, 15S)
Jim Unknown to third
Jim Unknown to second
Batting: RHB Jim Unknown 0-0: Ball
1-0: SINGLE (Groundball, 34D)
Jim Unknown scores
Jim Unknown to third
Batting: RHB Kyle Wilson Pickoff Throw to First - Out!
0-0: Called Strike
0-1: Ball
Wild Pitch!
Jim Unknown scores
1-1: Ground out 6-3 (Groundball, 6M)
Bottom of the 1st over - 2 run(s), 2 hit(s), 0 error(s), 0 left on base; Milton 0 - Gryfindor 2
TOP OF THE 2ND
Milton Bills batting - Pitching for Gryfindor Braves : RHP Max Moore
Batting: RHB Steve McLeod 0-0: Ball
1-0: Swinging Strike
1-1: Called Strike
1-2: Ball
2-2: Ground out 5-3 (Groundball, 5L)
Batting: LHB Johnny Hernández 0-0: Ball
1-0: Ball
2-0: Ball
3-0: Called Strike
3-1: Ground out 4-3 (Groundball, 4)
Batting: LHB Edwin Church 0-0: Swinging Strike
0-1: Ball
1-1: Ball
2-1: Called Strike
2-2: Strikes out swinging
Top of the 2nd over - 0 run(s), 0 hit(s), 0 error(s), 0 left on base; Milton 0 - Gryfindor 2
BOTTOM OF THE 2ND
Gryfindor Braves batting - Pitching for Milton Bills : RHP Jesús Román
Batting: RHB José Casarreal 0-0: Called Strike
0-1: Ball
1-1: Swinging Strike
1-2: Fly out, F6 (Popup, 6D)
Batting: RHB Jim Unknown 0-0: Ball
1-0: Called Strike
1-1: Foul Ball, location: 2F
1-2: Foul Ball, location: 2F
1-2: Fly out, F7 (Line Drive, 7D)
Batting: LHB Jim Unknown 0-0: Ball
1-0: Foul Ball, location: 2F
1-1: Ground out 1-3 (Groundball, 13)
Bottom of the 2nd over - 0 run(s), 0 hit(s), 0 error(s), 0 left on base; Milton 0 - Gryfindor 2
TOP OF THE 3RD
Milton Bills batting - Pitching for Gryfindor Braves : RHP Max Moore
Batting: RHB Jim Lee 0-0: Foul Ball, location: 2F
0-1: Ball
1-1: Ball
2-1: Foul Ball, location: 2F
2-2: Foul Ball, location: 2F
2-2: Foul Ball, location: 2F
2-2: Strikes out swinging
Batting: RHB Roberto Andrade 0-0: Called Strike
0-1: Foul Ball, location: 2F
0-2: Foul Ball, location: 2F
0-2: Foul Ball, location: 2F
0-2: Foul Ball, location: 2F
0-2: SINGLE (Line Drive, 8LS)
Batting: LHB Lance Schiffer 0-0: Ball
1-0: Ball
2-0: Called Strike
2-1: Ball
3-1: SINGLE (Flyball, 7S)
Roberto Andrade to second
Batting: RHB Shane Franklin 0-0: Swinging Strike
0-1: Called Strike
0-2: Foul Ball, location: 2F
0-2: Ball
1-2: Foul Ball, location: 2F
1-2: Strikes out swinging
Batting: RHB Chandler Bailey 0-0: Ball
1-0: Foul Ball, location: 2F
1-1: 3-RUN HOME RUN (Flyball, 8LXD), Distance : 440 ft
Batting: SHB John Allen 0-0: Ball
1-0: Swinging Strike
1-1: Ball
2-1: Called Strike
2-2: Foul Ball, location: 2F
2-2: Foul Ball, location: 2F
2-2: Strikes out swinging
Top of the 3rd over - 3 run(s), 3 hit(s), 0 error(s), 0 left on base; Milton 3 - Gryfindor 2
BOTTOM OF THE 3RD
Gryfindor Braves batting - Pitching for Milton Bills : RHP Jesús Román
Batting: LHB Jim Unknown 0-0: Foul Ball, location: 2F
0-1: SINGLE (Line Drive, 4D)
Batting: RHB Jim Unknown 0-0: Called Strike
0-1: Called Strike
0-2: Ball
1-2: Ball
2-2: Ball
3-2: Strikes out looking
Batting: RHB Jim Unknown 0-0: Foul Ball, location: 2F
0-1: Grounds into double play, 6-4-3 (Groundball, 6)
Bottom of the 3rd over - 0 run(s), 1 hit(s), 0 error(s), 0 left on base; Milton 3 - Gryfindor 2
TOP OF THE 4TH
Milton Bills batting - Pitching for Gryfindor Braves : RHP Max Moore
Batting: RHB Steve McLeod 0-0: Ball
1-0: Fly out, F4 (Line Drive, 4M)
Batting: LHB Johnny Hernández 0-0: Called Strike
0-1: Ball
1-1: Foul Ball, location: 2F
1-2: Ball
2-2: Ball
3-2: Base on Balls
Batting: LHB Edwin Church 0-0: Ball
1-0: Called Strike
1-1: Ball
2-1: Swinging Strike
2-2: Fly out, F2 (Popup, 2RF)
Batting: RHB Jim Lee 0-0: Called Strike
0-1: Foul Ball, location: 2F
0-2: Ball
1-2: SINGLE (Groundball, 4MD)
Johnny Hernández to second
Batting: RHB Roberto Andrade 0-0: Foul Ball, location: 2F
0-1: Ball
1-1: Fly out, F8 (Flyball, 8LM)
Top of the 4th over - 0 run(s), 1 hit(s), 0 error(s), 2 left on base; Milton 3 - Gryfindor 2
BOTTOM OF THE 4TH
Gryfindor Braves batting - Pitching for Milton Bills : RHP Jesús Román
Batting: RHB Manuel González 0-0: Called Strike
0-1: Ball
1-1: Foul Ball, location: 2F
1-2: Fly out, F8 (Flyball, 8LM)
Batting: RHB Jim Unknown 0-0: Fly out, F8 (Flyball, 8RM)
Batting: RHB Kyle Wilson 0-0: Ball
1-0: Called Strike
1-1: SINGLE (Groundball, 56D)
Batting: RHB José Casarreal 0-0: Ball
1-0: Ball
2-0: Foul Ball, location: 2F
2-1: Swinging Strike
2-2: SINGLE (Groundball, 4MD)
Kyle Wilson to second
Batting: RHB Jim Unknown 0-0: SINGLE (Line Drive, 8RS)
Kyle Wilson to third
José Casarreal to second
Batting: LHB Jim Unknown 0-0: Called Strike
0-1: Fly out, F7 (Flyball, 7M)
Bottom of the 4th over - 0 run(s), 3 hit(s), 0 error(s), 3 left on base; Milton 3 - Gryfindor 2
TOP OF THE 5TH
Milton Bills batting - Pitching for Gryfindor Braves : RHP Max Moore
Batting: LHB Lance Schiffer 0-0: Swinging Strike
0-1: Called Strike
0-2: Ball
1-2: DOUBLE (Line Drive, 3L)
Batting: RHB Shane Franklin 0-0: Called Strike
0-1: Ball
1-1: Called Strike
1-2: Ground out 1-3 (Groundball, 13)
Lance Schiffer to third
Pitching: LHP Dusty Mueller
Batting: RHB Chandler Bailey 0-0: Ball
1-0: Swinging Strike
1-1: Called Strike
1-2: Foul Ball, location: 2F
1-2: Ball
2-2: SINGLE (Groundball, 4MD)
Lance Schiffer scores
Batting: SHB John Allen 0-0: Called Strike
0-1: Ball
1-1: Foul Ball, location: 2F
1-2: Ball
2-2: Ball
3-2: Strikes out swinging
Batting: RHB Steve McLeod 0-0: Swinging Strike
0-1: Ball
1-1: Foul Ball, location: 2F
1-2: Foul Ball, location: 2F
1-2: Ball
2-2: Ball
3-2: Base on Balls
Chandler Bailey to second
Batting: LHB Johnny Hernández 0-0: Called Strike
0-1: Foul Ball, location: 2F
0-2: SINGLE (Groundball, 4MD)
Chandler Bailey to third
Steve McLeod to second
Runner from 3rd tries for Home, SAFE, no throw or cutoff
Batting: LHB Edwin Church 0-0: Foul Ball, location: 2F
0-1: Ball
1-1: Foul Ball, location: 2F
1-2: Strikes out swinging
Top of the 5th over - 2 run(s), 3 hit(s), 0 error(s), 2 left on base; Milton 5 - Gryfindor 2
BOTTOM OF THE 5TH
Gryfindor Braves batting - Pitching for Milton Bills : RHP Jesús Román
Batting: LHB Jim Unknown 0-0: Called Strike
0-1: Ball
1-1: Foul Ball, location: 2F
1-2: Foul Ball, location: 2F
1-2: Ball
2-2: SINGLE (Line Drive, 56D)
Batting: RHB Jim Unknown 0-0: Ball
1-0: Ball
2-0: Foul Ball, location: 2F
2-1: Foul Ball, location: 2F
2-2: Ball
3-2: Base on Balls
Jim Unknown to second
Batting: RHB Jim Unknown 0-0: Ball
1-0: Ball
2-0: Called Strike
2-1: Foul Ball, location: 2F
2-2: Grounds into double play, 6-4-3 (Groundball, 6M)
Jim Unknown to third
Batting: RHB Manuel González 0-0: Ball
1-0: SINGLE (Groundball, 6MD)
Jim Unknown scores
Batting: RHB Jim Unknown 0-0: Ball
1-0: Ball
2-0: Called Strike
2-1: Swinging Strike
2-2: Ball
3-2: Foul Ball, location: 2F
3-2: Foul Ball, location: 2F
3-2: Foul Ball, location: 2F
3-2: Foul Ball, location: 2F
3-2: Reached on error, E3 (Groundball, 3)
Manuel González to second
Batting: RHB Kyle Wilson 0-0: Ground out 4-3 (Groundball, 4)
Bottom of the 5th over - 1 run(s), 2 hit(s), 1 error(s), 2 left on base; Milton 5 - Gryfindor 3
TOP OF THE 6TH
Milton Bills batting - Pitching for Gryfindor Braves : LHP Dusty Mueller
Batting: RHB Jim Lee 0-0: Swinging Strike
0-1: Ball
1-1: Ball
2-1: Foul Ball, location: 2F
2-2: Strikes out swinging
Batting: RHB Roberto Andrade 0-0: Called Strike
0-1: Ball
1-1: Ball
2-1: Fly out, F8 (Line Drive, 8LM)
Batting: LHB Lance Schiffer 0-0: Fly out, F6 (Popup, 9LSF)
Top of the 6th over - 0 run(s), 0 hit(s), 0 error(s), 0 left on base; Milton 5 - Gryfindor 3
BOTTOM OF THE 6TH
Gryfindor Braves batting - Pitching for Milton Bills : RHP Jesús Román
Batting: RHB José Casarreal 0-0: Called Strike
0-1: Ball
1-1: Ball
2-1: Foul Ball, location: 2F
Single, Error in OF, E7, batter to second base
Batting: RHB Jim Unknown 0-0: Ball
1-0: Foul Ball, location: 2F
1-1: Called Strike
1-2: Strikes out looking
Batting: LHB Jim Unknown 0-0: Called Strike
0-1: Foul Ball, location: 2F
0-2: Ball
1-2: Ball
2-2: Ground out 5-3 (Groundball, 56)
Batting: LHB Jim Unknown 0-0: SINGLE (Line Drive, 89M)
José Casarreal to third
Runner from 3rd tries for Home, SAFE, no throw or cutoff
Batting: RHB Jim Unknown 0-0: Ball
1-0: Foul Ball, location: 2F
1-1: Ball
2-1: Ball
3-1: Base on Balls
Jim Unknown to second
Batting: RHB Jim Unknown 0-0: Foul Ball, location: 2F
0-1: Foul Ball, location: 2F
0-2: Ground out 6-3 (Groundball, 6)
Bottom of the 6th over - 1 run(s), 2 hit(s), 1 error(s), 2 left on base; Milton 5 - Gryfindor 4
TOP OF THE 7TH
Milton Bills batting - Pitching for Gryfindor Braves : LHP Dusty Mueller
Batting: RHB Shane Franklin 0-0: Ball
1-0: SINGLE (Line Drive, 9S)
Batting: RHB Chandler Bailey 0-0: Called Strike
0-1: Swinging Strike
0-2: Foul Ball, location: 2F
0-2: Strikes out swinging
Pitching: RHP Bill Wilson
Batting: SHB John Allen 0-0: Ball
1-0: Called Strike
1-1: Fly out, F7 (Flyball, 78M)
Pinch Hitting: LHB David Hunt 0-0: Called Strike
Shane Franklin steals 2nd base
0-1: Ball
1-1: Ball
2-1: Ball
Passed Ball!
Shane Franklin to third
3-1: Called Strike
3-2: Base on Balls
Pitching: LHP Floyd Oglethorpe
Pinch Hitting: RHB Jim Unknown 0-0: Ball
1-0: Ball
2-0: Ball
3-0: Called Strike
3-1: Called Strike
3-2: Ground out 1-3 (Groundball, 15)
Top of the 7th over - 0 run(s), 1 hit(s), 0 error(s), 2 left on base; Milton 5 - Gryfindor 4
BOTTOM OF THE 7TH
Gryfindor Braves batting - Pitching for Milton Bills : RHP Jesús Román
Now at 3B: Jim Unknown
Now in RF: David Hunt
Batting: RHB Manuel González 0-0: Ball
1-0: Called Strike
1-1: Called Strike
1-2: Strikes out looking
Batting: RHB Jim Unknown 0-0: Called Strike
0-1: Foul Ball, location: 2F
0-2: Ball
1-2: Ball
2-2: Foul Ball, location: 2F
2-2: Strikes out swinging
Batting: RHB Kyle Wilson 0-0: SINGLE (Line Drive, 9S)
Pitching: RHP Rory Robinson
Batting: RHB José Casarreal 0-0: Ball
1-0: Called Strike
1-1: Called Strike
1-2: Ball
2-2: Foul Ball, location: 2F
2-2: SINGLE (Groundball, 4MD)
Kyle Wilson to second
Batting: RHB Jim Unknown 0-0: Called Strike
0-1: Foul Ball, location: 2F
0-2: Ball
1-2: Foul Ball, location: 2F
1-2: Strikes out swinging
Bottom of the 7th over - 0 run(s), 2 hit(s), 0 error(s), 2 left on base; Milton 5 - Gryfindor 4
TOP OF THE 8TH
Milton Bills batting - Pitching for Gryfindor Braves : LHP Floyd Oglethorpe
Pitching: RHP Joe Benítez
Batting: LHB Edwin Church 0-0: Ball
1-0: Called Strike
1-1: Called Strike
1-2: Fly out, F7 (Flyball, 7M)
Batting: RHB Jim Lee 0-0: Ball
1-0: Ball
2-0: Ball
3-0: Called Strike
3-1: Fly out, F3 (Popup, 3SF)
Batting: RHB Roberto Andrade 0-0: Called Strike
0-1: Ball
1-1: Ball
2-1: Foul Ball, location: 2F
2-2: Ground out 6-3 (Groundball, 56)
Top of the 8th over - 0 run(s), 0 hit(s), 0 error(s), 0 left on base; Milton 5 - Gryfindor 4
BOTTOM OF THE 8TH
Gryfindor Braves batting - Pitching for Milton Bills : RHP Rory Robinson
Pitching: LHP Xavier Hernández
Batting: LHB Jim Unknown 0-0: Called Strike
0-1: Foul Ball, location: 2F
0-2: Ball
1-2: Strikes out swinging
Pitching: RHP Paul O'Callahan
Batting: LHB Jim Unknown 0-0: Fly out, F9 (Flyball, 89M)
Batting: RHB Jim Unknown 0-0: Called Strike
0-1: Ball
1-1: Foul Ball, location: 2F
1-2: Strikes out swinging
Bottom of the 8th over - 0 run(s), 0 hit(s), 0 error(s), 0 left on base; Milton 5 - Gryfindor 4
TOP OF THE 9TH
Milton Bills batting - Pitching for Gryfindor Braves : RHP Joe Benítez
Batting: LHB Lance Schiffer 0-0: Called Strike
0-1: Foul Ball, location: 2F
0-2: Strikes out looking
Batting: RHB Shane Franklin 0-0: Called Strike
0-1: Swinging Strike
0-2: Ball
1-2: Foul Ball, location: 2F
1-2: Strikes out swinging
Batting: RHB Chandler Bailey 0-0: Ball
1-0: Ball
2-0: Swinging Strike
2-1: Ball
3-1: Foul Ball, location: 2F
3-2: Foul Ball, location: 2F
3-2: SINGLE (Groundball, 34)
Batting: SHB John Allen 0-0: Ball
1-0: Called Strike
1-1: Ball
2-1: Swinging Strike
2-2: Strikes out looking
Top of the 9th over - 0 run(s), 1 hit(s), 0 error(s), 1 left on base; Milton 5 - Gryfindor 4
BOTTOM OF THE 9TH
Gryfindor Braves batting - Pitching for Milton Bills : RHP Paul O'Callahan
Pitching: RHP John Connor
Pinch Hitting: RHB Jim Unknown 0-0: Ball
1-0: Ball
2-0: SINGLE (Groundball, 3D)
Batting: RHB Manuel González 0-0: Ball
1-0: Ball
2-0: Swinging Strike
2-1: Foul Ball, location: 2F
2-2: Ball
3-2: Strikes out swinging
Batting: RHB Jim Unknown 0-0: Swinging Strike
0-1: SINGLE (Line Drive, 8RS)
Jim Unknown to second
Batting: RHB Kyle Wilson 0-0: Grounds into double play, 4-6-3 (Groundball, 4)
Bottom of the 9th over - 0 run(s), 2 hit(s), 0 error(s), 1 left on base; Milton 5 - Gryfindor 4
This league is powered by Out of the Park Baseball, the baseball management simulation game for PC, Mac and Linux
Saturday, February 27th, 2021 - OOTP Baseball 15.6 Build 34